 Dungeon Crawl Stone Soup version 0.19.5 (webtiles) character file.

728 Demagog the Skirmisher (level 7, -1/45 HPs)
             Began as a Gargoyle Berserker on Apr 21, 2017.
             Was a Priest of Trog.
             Shot with an arrow by a centaur (8 damage)
             ... on level 7 of the Dungeon.
             The game lasted 00:15:13 (4735 turns).

Demagog the Skirmisher (Gargoyle Berserker)         Turns: 4735, Time: 00:15:13

Health: -1/45      AC: 14    Str: 22    XL:     7   Next: 72%
Magic:  7/7        EV:  9    Int:  8    God:    Trog [***...]
Gold:   173        SH:  0    Dex:  9    Spells: 0 memorised, 6 levels left

rFire  . . .     SeeInvis .     u - +0 blowgun
rCold  . . .     Gourm    .     e - +0 chain mail
rNeg   + . .     Faith    .     (no shield)
rPois  ∞         Spirit   .     (no helmet)
rElec  +         Reflect  .     (no cloak)
rCorr  .         Harm     .     (no gloves)
MR     .....                    (no boots)
Stlth  ..........               (no amulet)
                                (no ring)
                                (no ring)

@: no status effects
A: negative energy resistance 1, electricity resistance, unbreathing,
petrification resistance, rot immunity, AC +4
a: Berserk, Trog's Hand, Burn Spellbooks, Renounce Religion


You were on level 7 of the Dungeon.
You worshipped Trog.
Trog was most pleased with you.
You were not hungry.

You visited 1 branch of the dungeon, and saw 5 of its levels.

You collected 173 gold pieces.

Inventory:

Hand Weapons
 a - a +0 mace
 f - a +0 dagger
 p - a +0 whip
 u - a +0 blowgun (weapon)
 H - a +0 hunting sling
Missiles
 b - 4 tomahawks
 i - 23 poisoned needles (quivered)
 n - 25 stones
 q - 106 arrows
 w - 15 bolts
 F - 39 sling bullets
Armour
 e - a +0 chain mail (worn)
 t - a +0 plate armour
Wands
 z - a wand of disintegration (0/24)
Scrolls
 d - 2 scrolls of identify
 g - a scroll of remove curse
 l - 2 scrolls of enchant weapon {unknown}
 o - a scroll of immolation {unknown}
 r - 2 scrolls of teleportation {unknown}
 y - a scroll of random uselessness {unknown}
 D - a scroll of recharging {unknown}
 G - a scroll of amnesia {unknown}
Potions
 j - 3 potions of curing
 m - a potion of heal wounds {unknown}
 v - 2 potions of resistance
 x - a potion of haste {unknown}
 A - a potion of cancellation {unknown}
 B - a potion of lignification {unknown}
Comestibles
 c - a bread ration
 h - 2 beef jerkies
 s - 2 meat rations
 C - a royal jelly


   Skills:
 * Level 5.8 Fighting
 * Level 5.5 Maces & Flails
 * Level 1.2 Slings
 + Level 4.6 Armour
 + Level 2.8 Dodging


You had 6 spell levels left.
You didn't know any spells.

Dungeon Overview and Level Annotations

Branches:
Dungeon (7/15)             Temple (0/1) D:7

Altars:
Cheibriados
Elyvilon
Gozag
Hepliaklqana
Nemelex Xobeh
Qazlal
Sif Muna
Vehumet


Innate Abilities, Weirdness & Mutations

You are resistant to torment.
Your stone body is resilient. (AC +4)
You are immune to poison.
You resist negative energy. (rN+)
You are resistant to electric shocks. (rElec)
You can survive without breathing.
You are immune to petrification.
You are immune to rotting.


Message History

The wight hits you with a short sword of freezing.
The wight freezes you. The bullfrog closely misses you. The bullfrog hits you.
The bullfrog barely misses you.
The bullfrog hits you but does no damage.
The bullfrog barely misses you. The wight misses you.
Your magical contamination has completely faded away.
The ogre looks more healthy.
The bullfrog hits you but does no damage.
A centaur comes into view.
The centaur shouts!
The centaur wields a shortbow.
The centaur shoots an arrow.
The arrow hits you but does no damage.
You see here an arrow.
The bullfrog hits you but does no damage.
The centaur shoots an arrow.
The arrow hits you!
* * * LOW HITPOINT WARNING * * *
The bullfrog hits you but does no damage.
The centaur shoots an arrow.
The arrow hits you!
You die...

... #..#
#.. #.. ##
#.# ..##
#.## ....#
##.##.....#
#(.@.#
##Fz##.c.#
#..O# #....
#..## .##
##..# #..##
##..# #..##
##(.#


You could see an ogre, a bullfrog, a centaur and a wight.

Vanquished Creatures
  The ghost of Aleruyeri the Scratcher, an amateur FeAK of Lugonu (D:4)
  An ogre (D:7)
  2 wights (D:7)
  The ghost of Venard the Grave Robber, a weakling DgWn (D:3)
  An orc priest (D:3)
  A hound (D:4)
  A bullfrog skeleton (D:4)
  2 orc wizards
  An iguana (D:3)
  2 worker ants (D:4)
  2 hound skeletons (D:4)
  A gnoll (D:4)
  2 adders
  A worm (D:3)
  A dart slug (D:2)
  4 leopard geckos
  19 orcs
  4 giant cockroaches
  7 goblins
  7 hobgoblins
  4 jackals (D:2)
  3 quokkas
  6 bats
  5 frilled lizards
  8 kobolds
  A quokka skeleton (D:3)
  11 rats
99 creatures vanquished.

Notes
Turn   | Place    | Note
-------+----------+-------------------------------------------
     0 | D:1      | Demagog the Gargoyle Berserker began the quest for the Orb.
     0 | D:1      | Reached XP level 1. HP: 14/14 MP: 1/1
   241 | D:1      | Reached XP level 2. HP: 12/19 MP: 2/2
   896 | D:2      | Found a snail-covered altar of Cheibriados.
   986 | D:2      | Found an opulent altar of Gozag.
  1040 | D:2      | Reached XP level 3. HP: 19/24 MP: 3/3
  1137 | D:2      | Reached ** piety under Trog
  1177 | D:2      | Found a hazy altar of Hepliaklqana.
  1378 | D:2      | Found a sparkling altar of Nemelex Xobeh.
  1479 | D:3      | Noticed Venard's ghost (weakling DgWn)
  1919 | D:3      | Killed Venard's ghost
  1919 | D:3      | Reached XP level 4. HP: 21/29 MP: 4/4
  2101 | D:3      | Found a white marble altar of Elyvilon.
  2312 | D:3      | Reached XP level 5. HP: 19/33 MP: 5/5
  2693 | D:3      | Found a stormy altar of Qazlal.
  3032 | D:3      | Found a radiant altar of Vehumet.
  3106 | D:3      | Found a deep blue altar of Sif Muna.
  3356 | D:4      | Reached XP level 6. HP: 39/39 MP: 6/6
  3401 | D:4      | Noticed Aleruyeri's ghost (amateur FeAK)
  3413 | D:4      | Killed Aleruyeri's ghost
  3413 | D:4      | Reached skill level 5 in Fighting
  3681 | D:4      | Reached *** piety under Trog
  3788 | D:4      | Reached XP level 7. HP: 21/44 MP: 7/7
  3951 | D:4      | Reached skill level 5 in Maces & Flails
  4655 | D:4      | You fall through a shaft for 3 floors!
  4655 | D:7      | Found a staircase to the Ecumenical Temple.
  4683 | D:7      | Reached skill level 1 in Slings
  4735 | D:7      | Shot with an arrow by a centaur

Skill      XL: |  1  2  3  4  5  6  7 |
---------------+----------------------+-----
Dodging        | 2 |  2.8
Fighting       | 4 5 |  5.8
Armour         | 3 4 |  4.6
Maces & Flails | 4 5 |  5.5
Slings         | 1 |  1.2

Action                   |  1- 3 |  4- 6 |  7- 9 || total
-------------------------+-------+-------+-------++-------
Melee: Mace              |    57 |     8 |       ||    65
       Whip              |   101 |   300 |    69 ||   470
 Fire: Blowgun           |       |     8 |     8 ||    16
       Hunting sling     |       |       |    21 ||    21
Throw: Tomahawk          |     9 |     5 |     5 ||    19
       Stone             |       |     5 |       ||     5
Invok: Berserk           |     2 |     1 |       ||     3
       Trog's Hand       |       |     1 |     1 ||     2
       Burn Spellbooks   |       |       |     1 ||     1
Evoke: Wand              |       |     1 |     3 ||     4
  Use: Scroll            |       |     6 |     2 ||     8
  Eat: Chunk             |     3 |     1 |       ||     4
       Meat ration       |     1 |       |       ||     1
       Bread ration      |       |     1 |     1 ||     2
Armor: Animal skin       |    18 |       |       ||    18
       Ring mail         |    60 |       |       ||    60
       Plate armour      |     3 |   120 |       ||   123
       Chain mail        |       |    86 |    65 ||   151
Dodge: Dodged            |   109 |   135 |    55 ||   299
